 Dungeon Crawl Stone Soup version 0.27-a0-808-g60bc5d92e6 (webtiles) character file.

Game seed: 12815457280644542236

65 dolemite99 the Conjurer (level 3, 0/19 HPs)
             Began as a Deep Elf Conjurer on Mar 29, 2021.
             Was an Initiate of Gozag.
             Succumbed to a kobold brigand's poison
             ... on level 2 of the Dungeon.
             The game lasted 00:02:45 (2287 turns).

dolemite99 the Conjurer (Deep Elf Conjurer)         Turns: 2287, Time: 00:02:46

Health: 0/19       AC:  3    Str:  4    XL:     3   Next: 92%
Magic:  4/9        EV: 12    Int: 23    God:    Gozag
Gold:   136        SH:  0    Dex: 13    Spells: 2/8 levels left

rFire    . . .     SeeInvis .   d - +0 club
rCold    . . .     Faith    .   (no shield)
rNeg     . . .     Spirit   .   a - +0 robe
rPois    .         Reflect  .   (no helmet)
rElec    .         Harm     .   (no cloak)
rCorr    .         Rampage  .   c - +0 pair of gloves
Will     .....                  (no boots)
Stlth    ++........             (no amulet)
HPRegen  0.06/turn              (no ring)
MPRegen  0.11/turn              (no ring)

@: lethally poisoned (0 -> -13), gold aura
A: no striking features
a: Renounce Religion, Potion Petition, Call Merchant, Bribe Branch


You were on level 2 of the Dungeon.
You worshipped Gozag.
Gozag was aware of your devotion.
You visited 1 branch of the dungeon, and saw 2 of its levels.

You collected 165 gold pieces.
You paid 29 gold pieces to Gozag.

Inventory:

Hand Weapons
 d - a +0 club (weapon)
Missiles
 b - 37 arrows
 e - 7 poisoned darts (quivered)
 i - 31 sling bullets
Armour
 a - a +0 robe (worn)
 c - a +0 pair of gloves (worn)
Jewellery
 g - a ring of willpower
Scrolls
 f - a scroll of fog {unknown}
 h - a scroll of immolation {unknown}
 j - a scroll of enchant weapon {unknown}


   Skills:
 - Level 2.4 Dodging
 - Level 2.4 Stealth
 - Level 3.0 Spellcasting
 + Level 6.1 Conjurations


You had 2 spell levels left.
You knew the following spells:

 Your Spells              Type           Power      Damage    Failure   Level
a - Magic Dart            Conj           100%       1d8       1%          1
b - Searing Ray           Conj           62%        3d5       1%          2
c - Dazzling Flash        Conj/Hex       34%        N/A       10%         3

Your spell library contained the following spells:

 Spells                   Type           Power      Damage    Failure   Level
 Fulminant Prism          Conj/Hex       8%         3d7       32%         4
 Iskenderun's Mystic Bla  Conj/Tloc      17%        2d5       32%         4


Dungeon Overview and Level Annotations

Branches:
Dungeon (2/15)

Altars:
Gozag
Qazlal
Uskayaw


Message History

The kobold brigand throws a poisoned dart.
The poisoned dart hits you!
You are more poisoned.
You aren't carrying any potions.
You throw a poisoned dart.
The poisoned dart hits the kobold brigand.
The kobold brigand looks even sicker.
The kobold brigand is moderately wounded.
You feel sick.
You aren't carrying any potions.
Unknown command.
You aren't carrying any potions.
Casting: Searing Ray (safe; 1% risk of failure)
Confirm with . or Enter, or press ? or * to list all spells.
Aiming: Searing Ray (safe; 1% risk of failure)
Press: ? - help, Shift-Dir - straight line, f/p - kobold brigand
Aim: a kobold brigand, wielding a +0 short sword and quivering poisoned darts (lightly wounded, very poisoned, 26% to evade)
The searing ray misses the kobold brigand. (Press . to maintain the ray.)
You feel sick.
The searing ray hits the kobold brigand!
The kobold brigand is heavily wounded.
The searing ray hits the kobold.
The kobold is heavily wounded.
You feel sick.
The kobold brigand hits you with a +0 short sword.
* * * LOW HITPOINT WARNING * * *
A goblin comes into view. It is wielding a +0 dagger.
The searing ray hits the kobold brigand!
The kobold brigand is almost dead.
The searing ray hits the kobold!
You kill the kobold!
* * * LOW HITPOINT WARNING * * *
You feel sick. The kobold brigand misses you.
The searing ray misses the kobold brigand.
You finish channeling your searing ray.
* * * LOW HITPOINT WARNING * * *
You feel sick. The kobold brigand barely misses you.
You die...
Your body crumbles into a pile of gold.

lJ..# #.......
#wK.# ##.##... S
#K.. .........
..#####K.
#.#.###..
.......#######.#.
##.
..###w.<....#.>
## #S#$#######J
### # #K## #_# #
#@# ##.## # #.#
#...# # #.#
##...## #.#
#.....# #.#
###.....## ###.#
###....8....
#...#
###......#....
#.###
#_.....8###8..
#.#
###......#....


You could see a kobold brigand (very poisoned), an adder and a dart slug.

Vanquished Creatures
  3 gnolls (D:2)
  2 dart slugs
  5 bats
  2 endoplasms (D:1)
  3 giant cockroaches
  3 goblins
  3 hobgoblins (D:1)
  4 ball pythons
  A frilled lizard (D:1)
  4 kobolds
  2 rats (D:2)
32 creatures vanquished.

Notes
Turn   | Place    | Note
-------+----------+-------------------------------------------
     0 | D:1      | dolemite99 the Deep Elf Conjurer began the quest for the
                  | Orb.
     0 | D:1      | Reached XP level 1. HP: 10/10 MP: 6/6
   669 | D:1      | Reached XP level 2. HP: 15/15 MP: 5/8
   810 | D:1      | Learned a level 2 spell: Searing Ray
   828 | D:1      | Reached skill level 5 in Conjurations
  1502 | D:2      | Found an opulent altar of Gozag.
  1509 | D:2      | Found a stormy altar of Qazlal.
  1514 | D:2      | Found a hide-covered altar of Uskayaw.
  1519 | D:2      | Became a worshipper of Gozag Ym Sagoz the Greedy
  1600 | D:2      | Reached XP level 3. HP: 19/19 MP: 9/9
  1641 | D:2      | Learned a level 3 spell: Dazzling Flash
  1863 | D:2      | Reached skill level 6 in Conjurations
  2277 | D:2      | Noticed a kobold brigand
  2287 | D:2      | Succumbed to a kobold brigand's poison

Illustrated notes

Levels and vault maps discovered:
D:1:      wander_arrival_chamber, layout_basic
D:2:      layout_loops_ring, minmay_overflow_temple_star_quad, minmay_circle_x

Skill      XL: |  1  2  3 |
---------------+----------+-----
Conjurations   | 5 6 |  6.1
Dodging        | |  2.4
Stealth        | |  2.4
Spellcasting   | |  3.0

Action                   || total
-------------------------++-------
Melee: Unarmed           ||     6
       Club              ||     7
Throw: Dart              ||    36
 Cast: Magic Dart        ||    30
       Searing Ray       ||     2
Armor: Robe              ||     4
Dodge: Dodged            ||    16

Table legend: (Time is in decaauts)
 A = Elapsed time spent in this place.
 B = Non-inter-level travel time spent in this place.
 C = Inter-level travel time spent in this place.
 D = Time resting spent in this place.
 E = Time spent auto-exploring this place.
 F = Levels seen in this place.
 G = Mean time per level.
                   A        B        C        D        E       F      G
               +--------+--------+--------+--------+--------+-----+--------+
         Total |   2288 |   2259 |     29 |    918 |   1035 |   2 | 1144.0 |
       Dungeon |   2288 |   2259 |     29 |    918 |   1035 |   2 | 1144.0 |
               +--------+--------+--------+--------+--------+-----+--------+

Top non-repeatable levels by time:
     D:1: 1483 daAuts
     D:2: 804 daAuts
